 Dungeon Crawl Stone Soup version 0.17.0-25-gefc9c12 (console) character file.

39 gw the Digger (level 3, -20/25 HPs)
             Began as a Formicid Earth Elementalist on Nov 18, 2015.
             Was an Initiate of Sif Muna.
             Demolished by a gnoll
             ... wielding a +1 whip of distortion
              (23 damage)
             ... on level 2 of the Dungeon.
             The game lasted 00:01:15 (1536 turns).

gw the Digger (Formicid Earth Elementalist)         Turns: 1536, Time: 00:01:15

Health: -20/25     AC:  2    Str: 12    XL:     3   Next: 67%
Magic:  0/7        EV: 12    Int: 15    God:    Sif Muna [......]
Gold:   96         SH:  0    Dex: 16    Spells: 3 memorised, 1 level left

rFire  . . .     SeeInvis +     b - +0 flail
rCold  . . .     Clarity  .     a - +0 robe
rNeg   . . .     SustAt   .     (no shield)
rPois  .         Gourm    .     (helmet unavailable)
rElec  .         Spirit   .     (no cloak)
rCorr  .         Warding  .     (no gloves)
rMut   .         Stasis   +     (no boots)
MR     .....                    (no amulet)
Stlth  ++........               (no ring)
                                k - +5 ring of dexterity

@: not resistant to hostile enchantments, unstealthy
A: permanent stasis, dig shafts and tunnels, four strong arms, antennae 3
a: Dig, Shaft Self, Renounce Religion


You were on level 2 of the Dungeon.
You worshipped Sif Muna.
Sif Muna was noncommittal.
You were hungry.

You visited 1 branch of the dungeon, and saw 2 of its levels.

You collected 96 gold pieces.

Inventory:

Hand Weapons
 b - a +0 flail (weapon)
Missiles
 e - 18 stones (quivered)
 g - 7 poisoned needles
Armour
 a - a +0 robe (worn)
Jewellery
 k - a +5 ring of dexterity (left hand)
Scrolls
 h - a scroll of identify {unknown}
 j - a scroll of enchant weapon {unknown}
Books
 c - a book of Geomancy

   Spells                             Type                      Level
   a - Sandblast                      Earth                        1
   b - Stoneskin                      Transmutation/Earth          2
   c - Passwall                       Transmutation/Earth          3
   d - Stone Arrow                    Conjuration/Earth            3
   e - Petrify                        Transmutation/Earth          4
   f - Lee's Rapid Deconstruction     Earth                        5
Comestibles
 d - a bread ration
 f - a slice of pizza


   Skills:
 + Level 0.9 Fighting
 + Level 1.0 Maces & Flails
 + Level 1.0 Armour
 - Level 1.7 Dodging
 - Level 2.4 Stealth
 * Level 2.8 Spellcasting
 - Level 1.1 Transmutations
 + Level 4.0 Earth Magic


You had one spell level left.
You knew the following spells:

 Your Spells              Type           Power        Failure   Level  Hunger
a - Sandblast             Erth           ##....       4%          1    #......
b - Stoneskin             Trmt/Erth      #.......     12%         2    ##.....
c - Stone Arrow           Conj/Erth      #.....       30%         3    ###....


Dungeon Overview and Level Annotations

Branches:
Dungeon (2/15)

Altars:
Sif Muna


Innate Abilities, Weirdness & Mutations

You are under a permanent stasis effect.
You can dig through walls and to a lower floor.
Your four strong arms can wield two-handed weapons with a shield.
You have a pair of large antennae on your head (SInv).


Message History

The gnoll hits you with a club. The gnoll closely misses you.
The gnoll barely misses you.
Casting: Sandblast
Confirm with . or Enter, or press ? or * to list all spells.
Aiming: Sandblast
Press: ? - help, Shift-Dir - straight line, f/p - gnoll
Aim: a gnoll, wielding a whip of distortion (moderately wounded)
The blast of sand hits the gnoll.
The gnoll is severely wounded.
The gnoll completely misses you. The gnoll hits you with a flail.
Casting: Sandblast
Confirm with . or Enter, or press ? or * to list all spells.
Aiming: Sandblast
Press: ? - help, Shift-Dir - straight line, f/p - gnoll
Aim: a gnoll, wielding a whip of distortion (severely wounded)
The blast of sand misses the gnoll.
The gnoll hits you with a whip of distortion.
Space warps horribly around you!
Ouch! That really hurt!
You die...

#.....[....# #..
#..........# ##########
#..........###...?.....
#...........%%.########
#.............######
#......).............
#.........(#.....###.
#....>......###.....
#...$.a.......####...
####.ggg..#.....# #.
###.##.###..... #.##...
#.### #(.###.# .# ##.
... . # #.


You could see 3 gnolls.

Table legend:
 A = Turns spent in this place as a percentage of turns spent in the entire game.
 B = Non-inter-level travel turns spent in this place as a percentage of non-inter-level travel turns spent in the entire game.
 C = Inter-level travel turns spent in this place as a percentage of turns spent in this place.
 D = Turns resting spent in this place as a percentage of non-inter-level travel turns spent in this place.
 E = Turns spent auto-exploring this place as a percentage of non-inter-level travel turns spent in this place.
 F = Non-inter-level travel turns spent in this place divided by the number of levels of this place that you've seen.
                   A       B       C       D       E      F
               +-------+-------+-------+-------+-------+----------------------
         Total | 100.0 | 100.0 |   0.1 |   2.9 |   3.0 | 1026.0
       Dungeon | 100.0 | 100.0 |   0.1 |   2.9 |   3.0 | 1026.0
               +-------+-------+-------+-------+-------+----------------------

Table legend:
 A = Kills in this place as a percentage of kills in entire the game.
 B = Kills by you in this place as a percentage of kills by you in the entire game.
 C = Kills by friends in this place as a percentage of kills by friends in the entire game.
 D = Other kills in this place as a percentage of other kills in the entire game.
 E = Experience gained in this place as a percentage of experience gained in the entire game.
 F = Experience gained in this place divided by the number of levels of this place that you have seen.
                   A       B       C       D       E      F
               +-------+-------+-------+-------+-------+----------------------
         Total | 100.0 | 100.0 |  -nan |  -nan | 100.0 |  28.0
       Dungeon | 100.0 | 100.0 |  -nan |  -nan | 100.0 |  28.0
               +-------+-------+-------+-------+-------+----------------------

Vanquished Creatures
  An adder (D:2)
  A worm (D:2)
  A giant gecko (D:2)
  5 bats
  2 giant cockroaches
  4 hobgoblins (D:1)
  3 giant newts
  5 goblins
  2 kobolds
  2 rats (D:1)
26 creatures vanquished.

Notes
Turn   | Place    | Note
--------------------------------------------------------------
     0 | D:1      | gw the Formicid Earth Elementalist began the quest for the Orb.
     0 | D:1      | Reached XP level 1. HP: 13/13 MP: 3/3
   214 | D:1      | Reached XP level 2. HP: 20/20 MP: 5/5
   262 | D:1      | Learned a level 2 spell: Stoneskin
  1023 | D:1      | Reached XP level 3. HP: 25/25 MP: 6/6
  1128 | D:1      | Learned a level 3 spell: Stone Arrow
  1153 | D:2      | Found a deep blue altar of Sif Muna.
  1163 | D:2      | Reached skill level 1 in Maces & Flails
  1163 | D:2      | Reached skill level 1 in Armour
  1256 | D:2      | Became a worshipper of Sif Muna the Loreminder
  1498 | D:2      | Reached skill level 4 in Earth Magic
  1536 | D:2      | Demolished by a gnoll

Action                   || total
-------------------------++-------
Melee: Club              ||     9
       Whip              ||     1
Throw: Stone             ||    30
 Cast: Sandblast         ||    56
  Use: Scroll            ||     3
       Potion            ||     3
  Eat: Chunk             ||     2

Vault maps used:
D:1:      lemuel_arrival_muddy, serial_forest, infiniplex_forest_clump_curved,
          infiniplex_forest_clump_medium, infiniplex_forest_clump_tiny,
          infiniplex_forest_clump_tiny, infiniplex_forest_end_1,
          infiniplex_forest_clump_long, infiniplex_forest_clump_tiny,
          infiniplex_forest_clump_C, infiniplex_forest_straight_2
D:2:      xom_butterflies, overflow_temple_1_default
